AoeStats
← [LCDR] Alone

Fortress

510191728Analyzed
4v4 RM · 3d ago on Sep 29, 2026· 56m 24s· 8 players
Game mode
Random Map
Map size
Huge
Population
200
Speed
Normal
Resources
Standard
Victory
Conquest
Starting age
Dark Age
Ending age
Imperial Age
RankedLock teamsTeams togetherTeam positionsShared explorationLock speedFull tech treeHidden civsTurbo modeCheats
Victory
Defeat
🇹🇼 Italians · Taiwan
1517
+14
🇵🇪 Burgundians · Peru
1464
+16
🇪🇸 Teutons · Spain
1431
+17
🇺🇸 Slavs · United States
1404
+18
🇧🇷 Celts · Brazil
1626
-23
🇧🇷 Persians · Brazil
1433
-15
🇧🇷 Mongols · Brazil
1429
-15
🇧🇷 Spanish · Brazil
1350
-12
mikeymazko
7:30 Feudal Age
11:37 Castle Age
9:37 Double-Bit Axe
10:14 Horse Collar
12:04 Loom
12:30 Bow Saw
15:29 Wheelbarrow
17:45 Fletching
18:09 Gold Mining
21:14 Town Watch
21:49 Hand Cart
22:38 Scale Barding Armor
22:49 Heavy Plow
23:22 Forging
24:10 Chain Barding Armor
28:13 Imperial Age
26:01 Detinets
27:36 Gold Shaft Mining
26:54 Stone Mining
27:29 Bloodlines
27:20 Husbandry
27:57 Iron Casting
28:15 Bodkin Arrow
28:16 Elite Boyar
29:52 Conscription
30:58 Two-Man Saw
30:54 Crop Rotation
31:16 Plate Barding Armor
31:44 Blast Furnace
32:32 Chemistry
32:01 Caravan
32:37 Capped Ram
33:32 Heavy Scorpion
36:13 Ballistics
36:07 Careening
40:36 Siege Engineers
41:53 Coinage
45:30 Masonry
46:35 Banking
48:19 Murder Holes
48:30 Scale Mail Armor
48:30 Padded Archer Armor
Kaanan
2:11 Double-Bit Axe
2:45 Horse Collar
8:12 Feudal Age
11:46 Castle Age
10:20 Bow Saw
11:10 Heavy Plow
14:53 Fervor
15:44 Wheelbarrow
18:18 Hand Cart
18:34 Town Watch
18:45 Loom
20:09 Gold Mining
20:15 Stone Mining
23:43 Imperial Age
21:44 Cavalier
22:40 Scale Barding Armor
23:05 Forging
23:48 Chain Barding Armor
23:47 Paladin
24:36 Husbandry
25:46 Plate Barding Armor
25:34 Conscription
27:48 Iron Casting
29:18 Chemistry
30:21 Blast Furnace
31:17 Light Cavalry
33:33 Hussar
34:28 Padded Archer Armor
35:42 Leather Archer Armor
37:34 Elite Skirmisher
38:12 Fletching
39:11 Bodkin Arrow
40:14 Bracer
40:38 Ballistics
44:37 Burgundian Vineyards
51:54 Two-Man Saw
52:47 Caravan
hcenemod
6:59 Feudal Age
11:26 Castle Age
9:50 Double-Bit Axe
13:02 Horse Collar
20:27 Wheelbarrow
20:09 Scale Mail Armor
20:51 Loom
24:00 Forging
27:08 Bow Saw
27:53 Hand Cart
32:51 Imperial Age
30:46 Gold Mining
31:18 Caravan
32:09 Chain Mail Armor
31:18 Pikeman
31:58 Squires
32:40 Iron Casting
32:44 Bloodlines
32:45 Scale Barding Armor
33:45 Heavy Plow
34:51 Two-Man Saw
33:46 Arson
33:37 Halberdier
35:44 Plate Mail Armor
36:21 Blast Furnace
35:43 Capped Ram
35:50 Cavalier
37:03 Chain Barding Armor
40:35 Plate Barding Armor
42:21 Paladin
45:11 Town Watch
44:54 Elite Teutonic Knight
46:56 Conscription
47:55 Fortified Wall
48:06 Ballistics
51:10 Stone Mining
53:30 Chemistry
52:37 Siege Engineers
52:44 Masonry
ss839059
9:11 Feudal Age
12:09 Wheelbarrow
11:25 Loom
13:50 Castle Age
12:02 Double-Bit Axe
11:58 Horse Collar
12:10 Gold Mining
13:50 Wheelbarrow
17:16 Imperial Age
15:20 Bow Saw
16:58 Fletching
19:00 Wheelbarrow
19:15 Ballistics
19:23 Bodkin Arrow
21:56 Bracer
27:26 Padded Archer Armor
29:12 Leather Archer Armor
29:55 Stone Mining
30:28 Heavy Plow
31:07 Thumb Ring
32:28 Ring Archer Armor
33:29 Crop Rotation
33:37 Stone Shaft Mining
33:58 Elite Genoese Crossbowman
36:13 Conscription
37:04 Silk Road
39:04 Chemistry
42:21 Caravan
46:02 Scale Mail Armor
46:12 Forging
47:07 Chain Mail Armor
48:54 Iron Casting
49:22 Two-Man Saw
49:42 Plate Mail Armor
48:36 Pikeman
49:46 Squires
49:32 Arson
51:10 Blast Furnace
[LCDR]Zuru
7:27 Feudal Age
10:58 Castle Age
9:24 Double-Bit Axe
9:35 Horse Collar
12:15 Bow Saw
17:37 Herbal Medicine
20:06 Bow Saw
26:23 Heavy Plow
28:19 Wheelbarrow
27:29 Loom
32:00 Imperial Age
30:33 Hand Cart
30:25 Gold Mining
30:25 Stone Mining
30:59 Padded Archer Armor
31:30 Husbandry
31:41 Bloodlines
31:46 Caravan
32:51 Stone Shaft Mining
32:46 Leather Archer Armor
33:50 Chemistry
33:00 Pikeman
34:33 Ring Archer Armor
34:04 Scale Mail Armor
34:14 Forging
34:01 Halberdier
37:23 Chain Mail Armor
37:43 Iron Casting
37:52 Masonry
38:05 Bombard Tower
38:36 Plate Mail Armor
39:31 Architecture
39:49 Hoardings
41:09 Squires
40:54 Arson
43:26 Plate Mail Armor
43:31 Iron Casting
47:52 Blast Furnace
47:24 Fletching
48:07 Guilds
48:28 Coinage
TitinhoLumbriga
6:29 Feudal Age
10:51 Castle Age
9:09 Double-Bit Axe
9:34 Horse Collar
10:01 Loom
11:54 Bow Saw
20:25 Wheelbarrow
25:05 Imperial Age
22:36 Stone Mining
24:22 Stone Shaft Mining
23:38 Gold Mining
24:26 Ballistics
24:27 Hand Cart
25:44 Elite Mangudai
26:19 Town Watch
27:20 Fletching
28:35 Chemistry
27:48 Bloodlines
27:39 Husbandry
28:51 Conscription
29:09 Bodkin Arrow
29:15 Padded Archer Armor
29:19 Light Cavalry
30:06 Scale Barding Armor
30:14 Bracer
31:39 Scale Barding Armor
31:51 Leather Archer Armor
31:44 Scale Barding Armor
35:00 Hussar
38:04 Caravan
38:35 Coinage
39:28 Heavy Camel Rider
42:36 Banking
43:31 Drill
43:57 Murder Holes
49:27 Nomads
[LCDR] Alone
7:22 Feudal Age
11:10 Castle Age
9:11 Double-Bit Axe
10:17 Horse Collar
13:10 Bow Saw
15:33 Loom
16:41 Wheelbarrow
18:23 Scale Mail Armor
18:34 Forging
18:15 Gold Mining
18:46 Loom
19:42 Chain Mail Armor
21:42 Iron Casting
28:08 Imperial Age
25:52 Pikeman
28:12 Halberdier
29:13 Conscription
29:24 Plate Mail Armor
29:55 Blast Furnace
29:11 Capped Ram
30:27 Siege Ram
33:16 Heavy Scorpion
35:03 Furor Celtica
36:55 Ballistics
37:36 Chemistry
37:27 Siege Engineers
47:25 Caravan
[LCDR] ScOrPiOn II
7:22 Feudal Age
11:18 Castle Age
10:37 Double-Bit Axe
10:36 Horse Collar
15:51 Scale Barding Armor
16:15 Husbandry
17:09 Forging
17:42 Bow Saw
18:54 Gold Mining
21:49 Chain Barding Armor
24:36 Iron Casting
27:02 Loom
31:43 Imperial Age
30:43 Heavy Plow
31:26 Cavalier
32:43 Plate Barding Armor
32:23 Bloodlines
33:59 Wheelbarrow
36:21 Blast Furnace
39:00 Hand Cart
39:34 Stone Mining
40:07 Pikeman
41:40 Halberdier
42:33 Town Watch
43:22 Squires
44:37 Scale Mail Armor
47:37 Chain Mail Armor
53:27 Gambesons
Connection lost

Rejoining the realm…

Still unreachable

The connection could not be restored.

Session expired

The server has moved on; the page needs a fresh start.